 Dungeon Crawl Stone Soup version 0.17.1-2-g5865329 (webtiles) character file.

252 Peloso the Shield-Bearer (level 5, 0/47 HPs)
             Began as a Minotaur Fighter on Feb 10, 2016.
             Succumbed to Edmund's poison
             ... on level 4 of the Dungeon.
             The game lasted 00:04:43 (1792 turns).

Peloso the Shield-Bearer (Minotaur Fighter)         Turns: 1792, Time: 00:04:43

Health: 0/47       AC:  7    Str: 26    XL:     5   Next: 89%
Magic:  4/4        EV:  9    Int:  5    God:
Gold:   127        SH: 10    Dex: 10    Spells: 0 memorised, 4 levels left

rFire  + . .     SeeInvis .     a - +0 long sword
rCold  + . .     Clarity  .     b - +0 scale mail
rNeg   . . .     SustAt   .     c - +0 shield
rPois  +         Gourm    .     (helmet restricted)
rElec  +         Spirit   .     (no cloak)
rCorr  +         Warding  .     (no gloves)
rMut   .         Stasis   .     (no boots)
MR     .....                    (no amulet)
Stlth  ..........               (no ring)
                                (no ring)

@: mighty, lethally poisoned (0 -> -9), resistant, not resistant to hostile
enchantments, extremely unstealthy
A: retaliatory headbutt, horns 2
a: no special abilities


You were on level 4 of the Dungeon.
You were not hungry.

You visited 1 branch of the dungeon, and saw 4 of its levels.

You collected 127 gold pieces.

Inventory:

Hand Weapons
 a - a +0 long sword (weapon)
 m - a +2 whip of electrocution
 n - a +0 whip of electrocution
 p - a +2 hand axe of electrocution
Armour
 b - a +0 scale mail (worn)
 c - a +0 shield (worn)
Scrolls
 f - a scroll of remove curse
 g - 4 scrolls of identify {unknown}
 i - 2 scrolls of teleportation {unknown}
 r - a scroll of amnesia {unknown}
Comestibles
 e - 3 bread rations
 h - 2 royal jellies
 k - 4 fruits
 q - a chunk of flesh
 s - 2 beef jerkies


   Skills:
 + Level 4.6 Fighting
 + Level 3.4 Long Blades
 + Level 4.9 Armour
 + Level 2.1 Dodging
 + Level 0.1 Stealth
 + Level 5.4 Shields


You had 4 spell levels left.
You didn't know any spells.

Dungeon Overview and Level Annotations

Branches:
Dungeon (4/15)
 Temple: D:4-7

Altars:
Gozag
Nemelex Xobeh
Ru
Trog


Innate Abilities, Weirdness & Mutations

You reflexively headbutt those who attack you in melee.
You have a pair of horns on your head.


Message History

* * * LOW HITPOINT WARNING * * *
You feel sick.
* * * LOW HITPOINT WARNING * * *
You feel sick.
* * * LOW HITPOINT WARNING * * *
You feel sick.
* * * LOW HITPOINT WARNING * * *
You feel sick.
* * * LOW HITPOINT WARNING * * *
You feel sick.
Read which item? (? for menu, Esc to quit)
As you read the scroll labeled XOULOEHORA, it crumbles to dust.
You feel blessed for a moment.
It was a scroll of remove curse.
* * * LOW HITPOINT WARNING * * *
You feel sick.
Read which item? (? for menu, Esc to quit)
As you read the scroll labeled HENWESTR LEERE, it crumbles to dust.
You assume a fearsome visage.
Nothing appears to happen.
It was a scroll of fear.
You die...

.................##
...##.#####.......##
...##..######.#.#..#
>.####...# #.....#....# .
..# ##.# #.....####....
..### #.###..##.<.......
....####......#########..
....##..................
.......$...)....@%......
....####..#........####.
##### #..#....#####
#########


There were no monsters in sight!

Vanquished Creatures
  Edmund (D:4)
  A hound (D:4)
  A gnoll (D:1)
  5 adders
  An ooze (D:3)
  An adder skeleton (D:3)
  A worm (D:2)
  A giant gecko (D:2)
  3 giant cockroaches
  9 goblins
  6 hobgoblins
  2 ball pythons (D:3)
  3 bats
  A giant newt (D:1)
  5 kobolds
  10 rats
51 creatures vanquished.

Notes
Turn   | Place    | Note
--------------------------------------------------------------
     0 | D:1      | Peloso the Minotaur Fighter began the quest for the Orb.
     0 | D:1      | Reached XP level 1. HP: 19/19 MP: 0/0
    98 | D:1      | Reached XP level 2. HP: 25/27 MP: 1/1
   322 | D:1      | Reached skill level 4 in Shields
   453 | D:2      | Reached XP level 3. HP: 23/33 MP: 2/2
   641 | D:2      | Noticed a moth of wrath
   644 | D:2      | Found a bloodstained altar of Trog.
   948 | D:3      | Found a sparkling altar of Nemelex Xobeh.
   949 | D:3      | Found an opulent altar of Gozag.
   990 | D:3      | Reached skill level 1 in Dodging
  1055 | D:3      | Reached XP level 4. HP: 40/40 MP: 3/3
  1540 | D:3      | Found a sacrificial altar of Ru.
  1719 | D:4      | Reached skill level 5 in Shields
  1719 | D:4      | Reached XP level 5. HP: 41/47 MP: 4/4
  1760 | D:4      | Noticed Edmund
  1783 | D:4      | Killed Edmund
  1789 | D:4      | HP: 2/47 [poisoned by Edmund]
  1792 | D:4      | Succumbed to Edmund's poison

Action                   |  1- 3 |  4- 6 || total
-------------------------+-------+-------++-------
Melee: Long sword        |    80 |    52 ||   132
  Use: Potion            |       |     3 ||     3
       Scroll            |       |     2 ||     2
  Eat: Chunk             |       |     3 ||     3
